AoeStats
← en Au

Golden Pit

509682460Analyzed
1v1 RM · 3d ago on Sep 27, 2026· 39m 10s· 2 players
Game mode
Random Map
Map size
Tiny (2 player)
Population
200
Speed
Normal
Resources
Standard
Victory
Conquest
Starting age
Dark Age
Ending age
Imperial Age
RankedLock teamsTeams togetherTeam positionsShared explorationLock speedFull tech treeHidden civsTurbo modeCheats
Victory
Defeat
🇭🇺 Aztecs · Hungary
926
+16
🇫🇷 Koreans · France
930
-16
eegyuri1987
7:07 Loom
10:57 Feudal Age
13:03 Wheelbarrow
12:38 Double-Bit Axe
19:28 Horse Collar
24:47 Castle Age
22:30 Man-at-Arms
24:57 Long Swordsman
25:23 Gambesons
26:46 Squires
27:39 Forging
27:30 Scale Mail Armor
28:39 Hand Cart
31:41 Heavy Plow
34:55 Chain Mail Armor
35:28 Iron Casting
38:02 Eagle Warrior
en Au
4:18 Loom
11:27 Feudal Age
14:35 Town Watch
16:13 Horse Collar
18:04 Gold Mining
18:04 Stone Mining
18:03 Double-Bit Axe
18:33 Arson
19:26 Man-at-Arms
25:30 Castle Age
25:38 Fletching
26:18 Thumb Ring
28:41 Wheelbarrow
28:15 Bodkin Arrow
33:54 Hand Cart
Connection lost

Rejoining the realm…

Still unreachable

The connection could not be restored.

Session expired

The server has moved on; the page needs a fresh start.